 Dungeon Crawl Stone Soup version 0.31-a0-117-g42d8f58691 (webtiles) character file.

Game seed: 3301337418508853388

11242 themarg the Dealer of Despair (level 11, -12/69 HPs)
             Began as a Tengu Air Elementalist on May 31, 2023.
             Was an Elder of Kikubaaqudgha.
             Mangled by a white ugly thing (15 damage)
             ... on level 9 of the Dungeon.
             The game lasted 00:51:14 (18931 turns).

themarg the Dealer of Despair (TeAE)               Turns: 18931, Time: 00:51:14

Health: -12/69     AC: 11    Str:  8    XL:     11   Next: 74%
Magic:  6/19       EV: 20    Int: 19    God:    Kikubaaqudgha [****..]
Gold:   299        SH:  0    Dex: 16    Spells: 0/20 levels left

rFire   . . .        E - +8 dagger "Hoozxoju" {freeze, Stlth+}
rCold   . . .        (no shield)
rNeg    . . .        M - +0 steam dragon scales
rPois   .            R - +1 hat
rElec   .            e - +2 cloak
rCorr   .            G - +1 pair of gloves
SInv    .            (boots unavailable)
Will    +....        (no amulet)
Stlth   +++          n - +5 ring of evasion
HPRegen 0.31/turn    r - ring of willpower
MPRegen 0.16/turn

%: no passive effects
@: flying quickly and evasively, very slightly contaminated, quick
A: beak, talons 3, nimble flight
a: Renounce Religion, Unearth Wretches


You were on level 9 of the Dungeon.
You worshipped Kikubaaqudgha.
Kikubaaqudgha was greatly pleased with you.
You visited 1 branch of the dungeon, and saw 9 of its levels.
You also visited: Sewer.

You collected 558 gold pieces.
You spent 259 gold pieces at shops.

Inventory:

Hand Weapons
 x - a +4 dagger of draining
 E - the +8 dagger "Hoozxoju" (weapon) {freeze, Stlth+}
   (You took it off an orc on level 5 of the Dungeon)

   Stlth:     It makes you more stealthy.
Missiles
 c - 41 stones
 i - 5 javelins
 v - 5 poisoned darts (quivered)
 J - a boomerang
 P - 2 boomerangs of dispersal
 Q - 2 throwing nets
Armour
 a - a +0 robe
 e - a +2 cloak (worn)
 u - an orb of mayhem
 G - a +1 pair of gloves (worn)
 M - +0 steam dragon scales (worn)
 R - a +1 hat (worn)
Jewellery
 n - a +5 ring of evasion (left hand)
 q - a +6 ring of dexterity
 r - a ring of willpower (right hand)
 w - the ring "Tagobig" {Fire Str+3}
   (You took it off an orc warrior on level 9 of the Dungeon)

   [ring of fire]

   It enhances your fire magic.
   Str:       It affects your strength (+3).
   rF:        It protects you from fire.
   rC:        It makes you vulnerable to cold.
 A - a ring of resist corrosion
 I - an amulet of faith
 S - a +6 ring of dexterity
Wands
 b - a wand of mindburst (7)
 H - a wand of charming (9)
 O - a wand of flame (25)
Scrolls
 f - 3 scrolls of fear
 j - a scroll of amnesia {unknown}
 k - 3 scrolls of poison
 m - a scroll of butterflies {unknown}
 s - 2 scrolls of vulnerability
 t - 5 scrolls of teleportation
 y - 2 scrolls of immolation
 C - a scroll of brand weapon {unknown}
 F - a scroll of enchant weapon {unknown}
 L - a scroll of torment {unknown}
Potions
 d - a potion of heal wounds
 g - 3 potions of cancellation
 h - a potion of ambrosia
 l - a potion of degeneration {unknown}
 o - 8 potions of curing
 p - a potion of attraction {unknown}
 B - a potion of lignification {unknown}
 D - 2 potions of berserk rage
 K - a potion of enlightenment {unknown}
 N - a potion of might {unknown}
Miscellaneous
 z - a piece from Xom's chessboard (15/15)
 T - a phantom mirror
 U - a phial of floods


   Skills:
 + Level 8.5 Fighting
 - Level 3.0 Short Blades
 - Level 1.0 Throwing
 - Level 2.1 Dodging
 - Level 3.0 Stealth
 - Level 5.0 Spellcasting
 - Level 2.0 Conjurations
 - Level 12.0 Necromancy
 - Level 10.0 Air Magic
 - Level 5.0 Earth Magic
 + Level 2.4 Evocations


You couldn't memorise any spells.
You knew the following spells:

 Your Spells              Type           Power      Damage    Failure   Level
a - Shock                 Conj/Air       100%       1d9       1%          1
b - Static Discharge      Conj/Air       54%        2-5/arc   1%          2
c - Airstrike             Air            21%        2d(3-19)  1%          4
d - Sublimation of Blood  Necr           50%        N/A       1%          2
e - Borgnjor's Vile Clut  Necr/Erth      18%        N/A       11%         5
f - Death Channel         Necr           25%        N/A       14%         6

Your spell library contained the following spells:

 Spells                   Type           Power      Damage    Failure   Level
 Kiss of Death            Conj/Necr      100%       2d13      1%          1
 Necrotise                Necr           100%       1d9       1%          1
 Cigotuvi's Dreadful Rot  Necr/Pois/Air  64%        N/A       1%          2
 Swiftness                Air            42%        N/A       1%          3
 Vampiric Draining        Necr           50%        2d9       1%          3
 Animate Dead             Necr           50%        N/A       1%          4
 Dispel Undead            Necr           50%        3d19      1%          4
 Agony                    Necr           50%        N/A       2%          5
 Vhi's Electric Charge    Tloc/Air       46%        N/A       4%          3
 Magic Dart               Conj           48%        1d5       5%          1
 Passwall                 Tmut/Erth      11%        N/A       7%          2
 Searing Ray              Conj           24%        2d5       9%          2
 Summon Small Mammal      Summ           16%        N/A       12%         1
 Ensorcelled Hibernation  Hex/Ice        8%         N/A       19%         2
 Lesser Beckoning         Tloc           8%         N/A       19%         2
 Wereblood                Tmut           4%         N/A       19%         2
 Arcjolt                  Conj/Air       13%        1d23      28%         5
 Call Canine Familiar     Summ           4%         N/A       36%         3
 Confusing Touch          Hex            4%         N/A       36%         3
 Gell's Gravitas          Tloc           4%         N/A       36%         3
 Portal Projectile        Hex/Tloc       8%         N/A       36%         3
 Summon Guardian Golem    Hex/Summ       4%         N/A       36%         3
 Teleport Other           Tloc           4%         N/A       36%         3
 Leda's Liquefaction      Hex/Erth       7%         N/A       41%         4
 Fulminant Prism          Conj/Hex       4%         3d5       63%         4
 Simulacrum               Ice/Necr       13%        N/A       85%         6
 Plasma Beam              Fire/Air       11%        2x1d24    94%         6
 Malign Gateway           Summ/Tloc      2%         N/A       100%        7
 Orb of Destruction       Conj           6%         9d6       100%        7
 Spellforged Servitor     Conj/Summ      4%         N/A       100%        7
 Summon Hydra             Summ           2%         N/A       100%        7
 Summon Horrible Things   Summ           2%         N/A       100%        8


Dungeon Overview and Level Annotations

Branches:
Dungeon (9/15)             Temple (0/1) D:5             Orc (0/2) D:9
  Sewer (visited)
   Lair: D:8-11

Altars:
Ashenzari
Elyvilon
Fedhas
Gozag
Hepliaklqana
Kikubaaqudgha
Nemelex Xobeh
Sif Muna
Wu Jian
Yredelemnul
Zin

Shops:
D:4 *


Innate Abilities, Weirdness & Mutations

You have a beak for a mouth.
You have claws for feet.
Your magical nature lets you fly swiftly and evasively.


Message History

The white ugly thing gurgles horribly!
The white ugly thing is moderately wounded.
You hear a horrible gurgling sound!
The white ugly thing gurgles horribly!
Aiming: Borgnjor's Vile Clutch (dangerous; 11% risk of failure)
Press: ? - help, Shift-Dir - straight line, f/p - white ugly thing
Aim: a white ugly thing (moderately wounded, 100% to hit)
You miscast Borgnjor's Vile Clutch.
You are very lightly contaminated with residual magic.
Kikubaaqudgha protects you from your miscast necromantic spell!
Aiming: Borgnjor's Vile Clutch (dangerous; 11% risk of failure)
Press: ? - help, Shift-Dir - straight line, f/p - white ugly thing
Aim: a white ugly thing (moderately wounded, 100% to hit)
Zombie hands grab the white ugly thing. x2
The zombie hands constrict the white ugly thing! x2
The white ugly thing basks in your mutagenic energy and changes!
The white ugly thing struggles to escape constriction.
The zombie hands constrict the white ugly thing.
The zombie hands constrict the green ugly thing.
The white ugly thing struggles to escape constriction.
The zombie hands constrict the white ugly thing!
The zombie hands constrict the green ugly thing.
The white ugly thing struggles to escape constriction.
The zombie hands constrict the white ugly thing!
The zombie hands constrict the green ugly thing.
The green ugly thing closely misses you.
The white ugly thing claws you. The white ugly thing freezes you!!
The zombie hands constrict the white ugly thing.
The zombie hands constrict the green ugly thing.
The green ugly thing struggles to escape constriction.
The white ugly thing claws you! The white ugly thing freezes you!!
* * * LOW HITPOINT WARNING * * *
The zombie hands constrict the white ugly thing.
The zombie hands constrict the green ugly thing.
The zombie hands release their grip on the white ugly thing.
The green ugly thing escapes!
The white ugly thing claws you!
* * * LOW HITPOINT WARNING * * *
The white ugly thing freezes you!
You die...
Kikubaaqudgha rasps: "You have failed me!
Welcome... death!"

#.######.......##
#.#
#......#########
#.#
#######...#....#
#.# ##.##.#.##
#.# #.##.#.# #.#
#.##.#.# #.#
#.##.#.#####.#
##............#
#........@uu..#
#.##....[..##.#
#.##.......##.#
#.##.......##.#
#.##<......##.#
##.##......[##.#
#.u......#).##.#
#.#########.##.#
##.....u...###.#


You could see 2 ugly things.

Vanquished Creatures
  A hydra (D:9)
  3 two-headed ogres
  A boulder beetle (D:9)
  A cyclops (D:9)
  A manticore (D:9)
  2 trolls
  A meliai (D:9)
  3 hornets
  A wyvern (D:8)
  5 yaks
  The ghost of ragingrage the Chopper, an amateur NaGl (D:5)
  4 steam dragons
  4 wargs (D:9)
  Menkaure (D:7)
  Duvessa (D:6)
  2 acid dragons
  A water moccasin (D:5)
  4 orc warriors
  A sky beast (D:4)
  2 ice beasts
  2 ogres
  2 centaurs (D:9)
  4 bullfrogs
  A gnoll sergeant (D:8)
  5 scorpions
  3 wights (D:8)
  Dowan (D:6)
  12 killer bees
  5 electric eels (D:8)
  4 jellies
  A quasit (D:6)
  2 hounds (D:5)
  2 orc priests
  A sleepcap (D:6)
  Crazy Yiuf (D:2)
  3 iguanas
  A hell rat (Sewer)
  21 orc wizards
  4 gnolls (D:8)
  6 adders
  3 river rats (Sewer)
  3 shadow imps (D:6)
  6 white imps
  7 ufetubi
  2 worms
  A dart slug (D:2)
  32 orcs
  2 ball pythons
  5 endoplasms
  6 giant cockroaches
  3 hobgoblins
  3 jackals (D:2)
  12 kobolds
  4 quokkas
  9 bats
  2 frilled lizards
  6 goblins
  8 rats
235 creatures vanquished.

Vanquished Creatures (collateral kills)
  6 orcs (D:5)
6 creatures vanquished.

Vanquished Creatures (others)
  A centaur warrior (D:5)
  A cyclops (D:5)
  A ball python (D:5)
3 creatures vanquished.

Grand Total: 244 creatures vanquished

Notes
Turn   | Place    | Note
-------+----------+-------------------------------------------
     0 | D:1      | themarg the Tengu Air Elementalist began the quest for the
                  | Orb.
     0 | D:1      | Reached XP level 1. HP: 10/10 MP: 4/4
   221 | D:1      | Reached XP level 2. HP: 15/15 MP: 0/6
   224 | D:1      | Learned a level 2 spell: Static Discharge
   920 | D:1      | Reached XP level 3. HP: 19/19 MP: 5/7
  1372 | D:2      | Reached skill level 5 in Air Magic
  2039 | D:2      | Found a faded altar of an unknown god.
  2042 | D:2      | Prayed at the altar of an unknown god.
  2042 | D:2      | Became a worshipper of Kikubaaqudgha
  2042 | D:2      | Reached * piety under Kikubaaqudgha
  2042 | D:2      | Received a gift from Kikubaaqudgha
  2160 | D:2      | Found a runed translucent door.
  2161 | D:2      | Noticed Crazy Yiuf
  2244 | D:3      | Reached XP level 4. HP: 24/24 MP: 1/8
  2559 | D:3      | Reached skill level 1 in Fighting
  2870 | D:3      | Reached skill level 1 in Throwing
  3417 | D:4      | Gained mutation: Your magical nature lets you fly swiftly
                  | and evasively. [Tengu growth]
  3417 | D:4      | Reached XP level 5. HP: 15/29 MP: 2/9
  3882 | D:4      | Reached ** piety under Kikubaaqudgha
  3883 | D:4      | Reached XP level 6. HP: 29/34 MP: 3/10
  4132 | D:4      | Found Enia's General Store.
  4136 | D:4      | Bought a potion of heal wounds for 65 gold pieces
  4404 | D:4      | Reached XP level 7. HP: 34/38 MP: 4/11
  4475 | D:4      | Learned a level 4 spell: Airstrike
  4483 | D:4      | Reached skill level 1 in Necromancy
  4732 | D:4      | Reached skill level 2 in Necromancy
  5016 | D:4      | Reached skill level 10 in Air Magic
  5156 | D:4      | Bought a scroll of magic mapping for 97 gold pieces
  5163 | D:5      | Entered Level 5 of the Dungeon
  5195 | D:5      | Reached skill level 3 in Necromancy
  5285 | D:5      | Reached skill level 4 in Necromancy
  5295 | D:5      | Found a glowing drain.
  5386 | Sewer    | Entered a sewer
  5425 | Sewer    | Reached XP level 8. HP: 39/43 MP: 4/12
  5733 | D:5      | Found a staircase to the Ecumenical Temple.
  5737 | D:5      | Reached skill level 5 in Necromancy
  5936 | D:5      | Reached skill level 6 in Necromancy
  6217 | D:5      | Found a runed translucent gate.
  6217 | D:5      | Found a runed translucent gate.
  6220 | D:5      | Found a runed translucent gate.
  6221 | D:5      | Noticed ragingrage's ghost (amateur NaGl)
  6225 | D:5      | Identified the +8 dagger "Hoozxoju" {freeze, Stlth+}
  6520 | D:5      | Learned a level 2 spell: Sublimation of Blood
  6612 | D:4      | Bought a scroll of enchant armour for 97 gold pieces
  6645 | D:6      | Noticed Dowan
  6695 | D:6      | Found a hazy altar of Hepliaklqana.
  6908 | D:6      | Noticed Duvessa
  6919 | D:6      | Found a sparkling altar of Nemelex Xobeh.
  6920 | D:6      | Found a white marble altar of Elyvilon.
  6920 | D:6      | Found a blossoming altar of Fedhas.
  7167 | D:6      | Reached skill level 7 in Necromancy
  7428 | D:6      | Noticed a troll
  7430 | D:6      | Killed a troll
  7431 | D:6      | Reached skill level 8 in Necromancy
  7531 | D:6      | Found a basalt altar of Yredelemnul.
  7551 | D:6      | Identified the +7 mace "Fenipor" {freeze, SInv Stlth+}
  7590 | D:6      | Reached *** piety under Kikubaaqudgha
  7590 | D:6      | Received a gift from Kikubaaqudgha
  7698 | D:6      | Reached XP level 9. HP: 32/47 MP: 4/13
  7929 | D:6      | You are sucked into a shaft and drop 1 floor!
  8778 | D:7      | Reached skill level 9 in Necromancy
  9118 | D:7      | Noticed Menkaure
  9138 | D:7      | Killed Menkaure
  9514 | D:7      | Found an ornate altar of the Wu Jian Council.
 10059 | D:8      | Noticed a two-headed ogre
 10594 | D:8      | Reached skill level 1 in Earth Magic
 10641 | D:8      | Noticed a two-headed ogre
 10814 | D:8      | Killed a two-headed ogre
 10815 | D:8      | Reached skill level 5 in Fighting
 10815 | D:8      | Reached skill level 10 in Necromancy
 10815 | D:8      | Reached XP level 10. HP: 13/59 MP: 0/14
 12220 | D:8      | Reached skill level 5 in Spellcasting
 12451 | D:8      | Reached skill level 1 in Evocations
 12632 | D:8      | Found a shimmering blue altar of Sif Muna.
 12641 | D:8      | Found an opulent altar of Gozag.
 12646 | D:8      | Found a glowing silver altar of Zin.
 12839 | D:8      | Killed a two-headed ogre
 13144 | D:8      | Found a shimmering blue altar of Sif Muna.
 13153 | D:8      | Found an opulent altar of Gozag.
 13158 | D:8      | Found a glowing silver altar of Zin.
 13650 | D:8      | Learned a level 5 spell: Borgnjor's Vile Clutch
 13702 | D:9      | Found an ancient bone altar of Kikubaaqudgha.
 14103 | D:9      | Noticed a two-headed ogre
 14132 | D:9      | Killed a two-headed ogre
 14133 | D:9      | Reached skill level 11 in Necromancy
 14580 | D:8      | Reached XP level 11. HP: 63/63 MP: 14/19
 14642 | D:9      | Reached skill level 5 in Earth Magic
 14798 | D:9      | Noticed a manticore
 14904 | D:9      | Noticed a cyclops
 14944 | D:9      | Found a broken altar of Ashenzari.
 14946 | D:9      | Noticed a green ugly thing
 14946 | D:9      | Noticed a white ugly thing
 15190 | D:2      | Killed Crazy Yiuf
 15354 | D:5      | Learned a level 6 spell: Death Channel
 15389 | D:5      | Killed ragingrage's ghost
 15574 | D:6      | Killed Duvessa
 15575 | D:6      | Reached skill level 12 in Necromancy
 15576 | D:6      | Killed Dowan
 15757 | D:9      | Killed a cyclops
 16228 | D:9      | Identified the ring "Tagobig" {Fire Str+3}
 16301 | D:9      | Noticed a six-headed hydra
 16307 | D:9      | Killed a six-headed hydra
 16574 | D:9      | Reached skill level 1 in Short Blades
 16911 | D:9      | Killed a manticore
 17334 | D:9      | Found a staircase to the Orcish Mines.
 17341 | D:9      | Noticed a boulder beetle
 17517 | D:9      | Reached **** piety under Kikubaaqudgha
 17770 | D:9      | Killed a boulder beetle
 18151 | D:9      | Noticed a deep elf pyromancer
 18931 | D:9      | HP: 3/69 [white ugly thing (9)]
 18931 | D:9      | Mangled by a white ugly thing

Illustrated notes

Levels and vault maps discovered:
D:1:      erik_arrival_orb_chamber, layout_basic,
          amcnicky_mini_rare_corridor_liquid, minmay_unequal
D:2:      layout_basic, hellmonk_ecumenical_altar_inner_sanctum,
          grunt_decor_mini_mirrors, uniq_crazy_yiuf_cottage
D:3:      layout_basic
D:4:      layout_loops_ring, serial_shops, shop_statue
D:5:      layout_loops_ring, minmay_temple_entry_statues_fountains,
          biasface_ghost_orc_armoury, portal_sewer_entry_b,
          hellmonk_bongcloud_opening
D:6:      layout_loops_corners, grunt_temple_overflow_open,
          mainiacjoe_overflow_chevrons, serial_demonic, serial_demonic_g,
          serial_demonic_g, serial_demonic_d, serial_demonic_d,
          serial_demonic_f, serial_demonic_c, serial_demonic_g,
          serial_demonic_b, minmay_misc_feat_alley, uniq_duvessa
D:7:      layout_layer_cave, nicolae_overflow_hidden_temple, uniq_menkaure
D:8:      layout_loops_ring, minitemple, kennysheep_boxes
D:9:      minmay_the_grid_octo_triangle [minmay_the_grid_octo_toaster,
          minmay_the_grid_octo_prize_square_snowflake,
          minmay_the_grid_octo_horde], layout_loops_ring,
          mainiacjoe_overflow_tiny_flanked, mainiacjoe_overflow_paths,
          minmay_orc_entry_guard_dogs, grunt_ministairs_11

Skill      XL: |  1  2  3  4  5  6  7  8  9 10 11 |
---------------+----------------------------------+-----
Conjurations   | 2 |  2.0
Stealth        | 3 |  3.0
Air Magic      | 5 6 7 9 10 | 10.0
Fighting       | 1 5 8 |  8.5
Throwing       | 1 |  1.0
Necromancy     | 4 8 10 11 12 | 12.0
Earth Magic    | 3 4 5 |  5.0
Spellcasting   | 5 |  5.0
Evocations     | 2 |  2.4
Short Blades   | 3 |  3.0
Dodging        | |  2.1

Action                     |  1- 3 |  4- 6 |  7- 9 | 10-12 || total
---------------------------+-------+-------+-------+-------++-------
  Melee: Unarmed           |     4 |       |       |       ||     4
         Peck              |     2 |     1 |       |     6 ||     9
         Kick              |     1 |       |     2 |     6 ||     9
         Dagger            |       |     4 |     5 |    29 ||    38
  Throw: Dart              |       |       |       |     4 ||     4
   Cast: Shock             |    81 |    58 |   108 |    77 ||   324
         Static Discharge  |     8 |    23 |    52 |    74 ||   157
         Airstrike         |       |       |    43 |    92 ||   135
         Borgnjor's Vile C |       |       |       |    18 ||    18
         Sublimation of Bl |       |       |       |     7 ||     7
         Death Channel     |       |       |       |     1 ||     1
 Invoke: Unearth Wretches  |       |       |       |     1 ||     1
  Evoke: Wand              |       |       |     3 |     3 ||     6
    Use: Scroll            |       |     3 |     5 |     6 ||    14
         Potion            |       |       |     1 |     3 ||     4
   Stab: Sleeping          |       |     1 |     2 |     1 ||     4
 Armour: Robe              |       |     1 |     5 |       ||     6
         Steam dragon scal |       |       |     6 |    34 ||    40
  Dodge: Dodged            |     7 |    19 |    37 |   144 ||   207

Table legend: (Time is in decaauts)
 A = Elapsed time spent in this place.
 B = Non-inter-level travel time spent in this place.
 C = Inter-level travel time spent in this place.
 D = Time resting spent in this place.
 E = Time spent auto-exploring this place.
 F = Levels seen in this place.
 G = Mean time per level.
                   A        B        C        D        E       F      G
               +--------+--------+--------+--------+--------+-----+--------+
         Total |  18259 |  17349 |    910 |   4449 |  10276 |  10 | 1825.9 |
       Dungeon |  17938 |  17028 |    910 |   4234 |  10246 |   9 | 1993.1 |
         Sewer |    321 |    321 |      0 |    215 |     30 |   1 |  321.0 |
               +--------+--------+--------+--------+--------+-----+--------+

Top non-repeatable levels by time:
     D:8: 4191 daAuts
     D:9: 2816 daAuts
     D:7: 2389 daAuts
     D:6: 2005 daAuts
     D:4: 1651 daAuts
     D:3: 1327 daAuts
     D:2: 1218 daAuts
     D:5: 1214 daAuts
     D:1: 1123 daAuts
   Sewer: 321 daAuts
